 Dungeon Sprint DCSS version 0.28-a0-390-gb254ac4902 (webtiles) character file.

Game seed: 13092328257033514349

1350 MikeHunt the Frost Mage (level 8, -19/58 HPs)
             Began as a Demonspawn Ice Elementalist on Sept 3, 2021.
             Was a Believer of Sif Muna.
             Demolished by a two-headed ogre (22 damage)
             ... in the Dungeon (Sprint III: "The Ten Rune Challenge").
             The game lasted 00:06:11 (1475 turns).

MikeHunt the Frost Mage (DsIE)                      Turns: 1475, Time: 00:06:11

Health: -19/58     AC:  2    Str:  9    XL:     8   Next: 36%
Magic:  16/16      EV: 13    Int: 18    God:    Sif Muna [**....]
Gold:   40         SH:  4    Dex: 14    Spells: 3/17 levels left

rFire   . . .      SeeInvis .   f - +2 club
rCold   . . .      Faith    .   (no shield)
rNeg    . . .      Spirit   .   a - +0 robe
rPois   .          Reflect  .   (no helmet)
rElec   .          Harm     .   (no cloak)
rCorr   .          Rampage  .   (no gloves)
Will    .....      NoTele   +   (no boots)
Stlth   ++........              (no amulet)
HPRegen 0.19/turn               (no ring)
MPRegen 0.15/turn               (no ring)

@: freezing walls
A: hooves 1, large bone plates 1, ignite blood 1
a: Renounce Religion, Channel Magic


You were in the Dungeon.
You worshipped Sif Muna.
Sif Muna was pleased with you.
You visited 1 branch You collected 40 gold pieces.

Inventory:

Hand Weapons
 f - a +2 club (weapon)
Armour
 a - a +0 robe (worn)
Wands
 m - a wand of acid (6)
Scrolls
 c - a scroll of holy word {unknown}
 g - a scroll of blinking
 h - 2 scrolls of identify {unknown}
 k - a scroll of immolation {unknown}
 l - 2 scrolls of enchant weapon {unknown}
Potions
 b - a potion of curing
 e - a potion of magic
 i - 3 potions of flight
 j - 6 potions of mutation
Miscellaneous
 d - a lightning rod (4/4)


   Skills:
 + Level 3.0 Fighting
 + Level 3.4 Dodging
 - Level 1.7 Stealth
 - Level 5.4 Spellcasting
 - Level 10.3 Conjurations
 + Level 3.4 Necromancy
 - Level 12.0 Ice Magic
 + Level 4.1 Invocations
 + Level 1.0 Evocations


You had 3 spell levels left.
You knew the following spells:

 Your Spells              Type           Power      Damage    Failure   Level
b - Frozen Ramparts       Ice            96%        1d11      1%          3
d - Vampiric Draining     Necr           8%         2d7       10%         3
e - Freeze                Ice            100%       1d11      1%          1
g - Hailstorm             Conj/Ice       45%        3d10      1%          4
x - Ozocubu's Armour      Ice            48%        N/A       1%          3

Your spell library contained the following spells:

 Spells                   Type           Power      Damage    Failure   Level
 Slow                     Hex            4%         N/A       19%         2
 Confusing Touch          Hex            4%         N/A       36%         3
 Portal Projectile        Hex/Tloc       8%         N/A       36%         3
 Excruciating Wounds      Necr           8%         N/A       65%         5
 Blade Hands              Tmut           2%         N/A       98%         5


Dungeon Overview and Level Annotations

Branches:
Dungeon (1/1)

Altars:
Cheibriados
Dithmenos
Elyvilon
Fedhas
Gozag
Hepliaklqana
Kikubaaqudgha
Makhleb
Nemelex Xobeh
Okawaru
Qazlal
Ru
Sif Muna
Trog
Uskayaw
Vehumet
Wu Jian
Xom
Yredelemnul
Zin
The Shining One
Beogh
Jiyva
Lugonu


Innate Abilities, Weirdness & Mutations

You have large cloven feet.
You are partially covered in large bone plates. (SH +4)
Your demonic aura sometimes causes spilled blood to erupt in flames.


Message History

The frozen ramparts melt away.
A two-headed ogre comes into view. It is wielding two +0 giant clubs.
Casting: Freeze (safe; 1% risk of failure)
Confirm with . or Enter, or press ? or * to list all spells.
Aiming: Freeze (safe; 1% risk of failure)
Press: ? - help, Shift-Dir - straight line, f - two-headed ogre
Aim: a two-headed ogre, wielding two +0 giant clubs (lightly wounded)
You freeze the two-headed ogre!
The two-headed ogre is moderately wounded.
The two-headed ogre hits you with a +0 giant club! x2
There is a fountain of clear blue water here.
There is an open door to the Ecumenical Temple here.
Casting: Freeze (safe; 1% risk of failure)
Confirm with . or Enter, or press ? or * to list all spells.
Okay, then.
Unknown command.
Casting: Freeze (safe; 1% risk of failure)
Confirm with . or Enter, or press ? or * to list all spells.
You can't see any susceptible monsters within range! (Use Z to cast anyway.)
Casting: Freeze (safe; 1% risk of failure)
Confirm with . or Enter, or press ? or * to list all spells.
Casting: Frozen Ramparts (safe; 1% risk of failure)
Press: ? - help, Dir - look around, f - activate The walls around you are covered in ice.
Unknown command.
Casting: Frozen Ramparts (safe; 1% risk of failure)
Confirm with . or Enter, or press ? or * to list all spells.
Aiming: Vampiric Draining (dangerous; 10% risk of failure)
Press: ? - help, Shift-Dir - straight line, f - two-headed ogre
Aim: a two-headed ogre, wielding two +0 giant clubs You draw life force from the two-headed ogre!
You feel life coursing into your body.
The wall freezes the two-headed ogre.
The two-headed ogre hits you with a +0 giant club!!
* * * LOW HITPOINT WARNING * * *
The two-headed ogre barely misses you. Magic courses through your body.
The wall freezes the two-headed ogre.
The two-headed ogre hits you with a +0 giant club!
* * * LOW HITPOINT WARNING * * *
The two-headed ogre hits you with a +0 giant club!!
You die...

▓...#....[.#####..#___#___#
▓..##.......#..#..#)..#__)#
▓##.##.##...#..#..###'#'###
##.##.###..##'#..#........
▓#.####.##..###...'.⌠......
▓.###..##..####O..#...#####
▓#.....##..###....#.⌠.#__#.
###..##...##.....#...#__#.
##†.##...@#......#'###__#.
#..###..##O#.....#)).#__#.
#..# #.. ####....#___#__'.
▓▓▓▓ ▓▓▓ ▓▓▓▓▓▓▓▓▓▓▓▓▓▓


You could see a two-headed ogre.

Vanquished Creatures
  A deep elf pyromancer (D)
  A shadow (D)
  A spatial vortex (D)
  A necrophage (D)
  A two-headed ogre (D)
  A water elemental (D)
  A jelly (D)
  A wizard (D)
  Jessica (D)
  A necromancer (D)
  3 humans (D)
  A kobold demonologist (D)
  A wolf (D)
  An endoplasm (D)
  2 rats (D)
18 creatures vanquished.

Notes
Turn   | Place    | Note
-------+----------+-------------------------------------------
     0 | D        | MikeHunt the Demonspawn Ice Elementalist began the quest
                  | for the Orb.
     0 | D        | Reached XP level 1. HP: 13/13 MP: 3/3
    52 | D        | Noticed Jessica
    71 | D        | Killed Jessica
    72 | D        | Reached skill level 4 in Ice Magic
    72 | D        | Gained mutation: Your demonic aura sometimes causes spilled
                  | blood to erupt in flames. [demonic ancestry]
    72 | D        | Reached XP level 2. HP: 6/19 MP: 0/7
    73 | D        | Reached XP level 3. HP: 7/24 MP: 1/9
   292 | D        | HP: 1/24 [human (6)]
   295 | D        | Reached skill level 5 in Spellcasting
   295 | D        | Reached skill level 5 in Ice Magic
   424 | D        | Learned a level 3 spell: Frozen Ramparts
   428 | D        | Learned a level 3 spell: Ozocubu's Armour
   523 | D        | Noticed a water elemental
   582 | D        | Killed a water elemental
   583 | D        | Reached skill level 7 in Ice Magic
   583 | D        | Reached XP level 4. HP: 28/30 MP: 3/11
   653 | D        | Learned a level 4 spell: Hailstorm
   653 | D        | Found a radiant altar of Vehumet.
   653 | D        | Found a shimmering blue altar of Sif Muna.
   653 | D        | Found an ancient bone altar of Kikubaaqudgha.
   653 | D        | Noticed a wizard
   656 | D        | Killed a wizard
   657 | D        | Reached skill level 8 in Ice Magic
   657 | D        | Reached XP level 5. HP: 35/35 MP: 7/12
   668 | D        | Became a worshipper of Sif Muna the Loreminder
   707 | D        | Found a basalt altar of Yredelemnul.
   707 | D        | Found a shadowy altar of Dithmenos.
   707 | D        | Found a sacrificial altar of Ru.
   707 | D        | Noticed a necrophage
   715 | D        | Killed a necrophage
   716 | D        | Reached skill level 5 in Conjurations
   716 | D        | Reached skill level 9 in Ice Magic
   716 | D        | Reached XP level 6. HP: 37/41 MP: 3/14
   795 | D        | Found a hide-covered altar of Uskayaw.
   795 | D        | Found an iron altar of Okawaru.
   795 | D        | Found a bloodstained altar of Trog.
   795 | D        | Found an ornate altar of the Wu Jian Council.
   795 | D        | Noticed a human
   800 | D        | Killed a human
   800 | D        | Reached * piety under Sif Muna
   801 | D        | Reached skill level 10 in Ice Magic
   860 | D        | Noticed a human
   864 | D        | Killed a human
   865 | D        | Gained mutation: You have large cloven feet. [demonic
                  | ancestry]
   865 | D        | Reached XP level 7. HP: 42/46 MP: 8/15
   912 | D        | Noticed a deep elf pyromancer
   918 | D        | Killed a deep elf pyromancer
   919 | D        | Reached skill level 10 in Conjurations
   919 | D        | Reached skill level 12 in Ice Magic
  1134 | D        | Learned a level 3 spell: Vampiric Draining
  1148 | D        | Noticed a shadow
  1160 | D        | Reached ** piety under Sif Muna
  1161 | D        | Gained mutation: You are partially covered in large bone
                  | plates. (SH +4) [demonic ancestry]
  1161 | D        | Reached XP level 8. HP: 7/53 MP: 1/16
  1274 | D        | Found a blossoming altar of Fedhas.
  1274 | D        | Found a stormy altar of Qazlal.
  1275 | D        | Found a snail-covered altar of Cheibriados.
  1275 | D        | Found a burning altar of Makhleb.
  1275 | D        | Found a hazy altar of Hepliaklqana.
  1275 | D        | Found a shimmering altar of Xom.
  1275 | D        | Found an opulent altar of Gozag.
  1275 | D        | Found a sparkling altar of Nemelex Xobeh.
  1275 | D        | Found a corrupted altar of Lugonu.
  1275 | D        | Found a viscous altar of Jiyva.
  1448 | D        | Reached skill level 1 in Evocations
  1475 | D        | Demolished by a two-headed ogre

Illustrated notes

Levels and vault maps discovered:
D:        dungeon_sprint_mu [sprint_mu_entry_cave, sprint_mu_temple_rooms,
          sprint_mu_d1_spiders, sprint_mu_d2_genie, sprint_mu_d3_branching,
          sprint_mu_orc_legion, sprint_mu_elf_gauntlet, sprint_mu_hive_nellie,
          sprint_mu_lair_fedhas, sprint_mu_vaults_butterflies,
          sprint_mu_slime_circle, sprint_mu_shoals_kraken,
          sprint_mu_snake_twists, sprint_mu_blade_basic, sprint_mu_crypt_lich,
          sprint_mu_tomb_spiral, sprint_mu_vestibule_basic,
          sprint_mu_gehenna_hellfire, sprint_mu_dis_giant,
          sprint_mu_tartarus_statrot, sprint_mu_cocytus_islands, sprint_mu_zot1]

Skill      XL: |  1  2  3  4  5  6  7  8 |
---------------+-------------------------+-----
Spellcasting   | 4 5 |  5.4
Ice Magic      | 4 7 8 9 10 12 | 12.0
Conjurations   | 2 5 8 10 | 10.3
Dodging        | 2 3 |  3.4
Fighting       | 3 |  3.0
Necromancy     | 3 |  3.4
Invocations    | 4 |  4.1
Evocations     | 1 |  1.0
Stealth        | |  1.7

Action                   |  1- 3 |  4- 6 |  7- 9 || total
-------------------------+-------+-------+-------++-------
Melee: Unarmed           |     7 |       |       ||     7
 Cast: Freeze            |    16 |    16 |     6 ||    38
       Frozen Ramparts   |     2 |     4 |     6 ||    12
       Ozocubu's Armour  |       |     1 |     1 ||     2
       Hailstorm         |       |       |     8 ||     8
       Vampiric Draining |       |       |     2 ||     2
Evoke: Wand              |       |       |     1 ||     1
  Use: Potion            |     2 |       |     3 ||     5
Armor: Robe              |     2 |       |     1 ||     3
Dodge: Dodged            |    18 |     8 |     2 ||    28

Table legend: (Time is in decaauts)
 A = Elapsed time spent in this place.
 B = Non-inter-level travel time spent in this place.
 C = Inter-level travel time spent in this place.
 D = Time resting spent in this place.
 E = Time spent auto-exploring this place.
 F = Levels seen in this place.
 G = Mean time per level.
                   A        B        C        D        E       F      G
               +--------+--------+--------+--------+--------+-----+--------+
         Total |   1469 |   1469 |      0 |   1147 |      0 |   1 | 1469.0 |
       Dungeon |   1469 |   1469 |      0 |   1147 |      0 |   1 | 1469.0 |
               +--------+--------+--------+--------+--------+-----+--------+

Top non-repeatable levels by time:
       D: 1469 daAuts
